 Dungeon Crawl Stone Soup version 0.22-a0-247-gbddf880 (webtiles) character file.

62729 Azzok the Earth Mage (level 15, -12/92 HPs)
             Began as a Gargoyle Earth Elementalist on Feb 27, 2018.
             Was a High Priest of Vehumet.
             Mangled by a spatial vortex (16 damage)
             ... summoned by a spatial maelstrom
             ... on level 2 of the Abyss.
             The game lasted 01:09:37 (26272 turns).

Azzok the Earth Mage (Gargoyle Earth Elementalist) Turns: 26272, Time: 01:09:39

Health: -12/92     AC: 35    Str: 16    XL:     15   Next: 7%
Magic:  32/44      EV: 11    Int: 24    God:    Vehumet [*****.]
Gold:   813        SH:  0    Dex:  8    Spells: 11/34 levels left

rFire    . . .     SeeInvis .   L - staff of power
rCold    + + .     Gourm    .   (no shield)
rNeg     + . .     Faith    .   Z - +2 troll leather armour {Snorg}
rPois    ∞         Spirit   .   p - +0 helmet
rElec    +         Reflect  .   G - +2 cloak {+Inv}
rCorr    .         Harm     .   J - +0 pair of gloves
MR       ++...     Rnd*Rage +   Y - +2 pair of boots "Heshraqupn" {rPois Int+2}
Stlth    +.........             v - amulet of regeneration
HPRegen  1.05/turn              H - ring "Hukk" {rC++ MR+ Str+4 Slay+3}
MPRegen  0.29/turn              w - ring of wizardry

@: icy armour, about to teleport, slow
A: big wings, [berserk 1], [clumsy 1], negative energy resistance 1, electricity
resistance, unbreathing, petrification resistance, rot immunity, AC +11
a: Fly, Renounce Religion, Evoke Invisibility


You were on level 2 of the Abyss.
You worshipped Vehumet.
Vehumet was extremely pleased with you.
You were near starving.

You visited 3 branches of the dungeon, and saw 21 of its levels.
You visited the Abyss 1 time.

You collected 1303 gold pieces.
You spent 490 gold pieces at shops.

Inventory:

Hand Weapons
 k - a +0 rapier of draining
Missiles
 b - 273 stones (quivered)
Armour
 p - a +0 helmet (worn)
 D - the +2 cloak of the Thief {+Fog Slay-2 SInv Stlth+}
   (You found it on level 6 of the Dungeon)

   It affects your accuracy and damage with ranged weapons and melee attacks
   (-2).
   It lets you see invisible.
   It makes you more stealthy.
 G - a +2 cloak of invisibility (worn)
 J - a +0 pair of gloves (worn)
 Y - the +2 pair of boots "Heshraqupn" (worn) {rPois Int+2}
   (You found it on level 6 of the Lair of Beasts)

   It affects your intelligence (+2).
   It protects you from poison.
 Z - a +2 troll leather armour (worn) {Snorg}
Magical Staves
 L - an uncursed staff of power (weapon)
Jewellery
 a - an uncursed ring of fire
 l - a +4 ring of protection {unknown}
 v - an amulet of regeneration (around neck)
 w - a ring of wizardry (right hand)
 H - the ring "Hukk" (left hand) {rC++ MR+ Str+4 Slay+3}
   (You found it on level 7 of the Dungeon)

   [ring of slaying]

   It affects your strength (+4).
   It affects your accuracy and damage with ranged weapons and melee attacks
   (+3).
   It greatly protects you from cold.
   It affects your resistance to hostile enchantments.
 Q - an uncursed ring of resist corrosion
Wands
 N - a wand of digging (16)
Scrolls
 c - 2 scrolls of identify
 e - 3 scrolls of magic mapping
 g - 7 scrolls of teleportation
 s - 6 scrolls of remove curse
 A - 4 scrolls of fog
 B - 2 scrolls of amnesia
 C - 7 scrolls of immolation {unknown}
 E - 2 scrolls of enchant weapon {unknown}
 M - a scroll of acquirement {unknown}
 S - a scroll of fear {unknown}
 U - 3 scrolls of random uselessness {unknown}
 X - 2 scrolls of brand weapon {unknown}
Potions
 f - 6 potions of haste {unknown}
 h - 4 potions of agility {unknown}
 i - 3 potions of lignification {unknown}
 j - 4 potions of ambrosia {unknown}
 m - 6 potions of brilliance {unknown}
 n - 5 potions of degeneration {unknown}
 r - 8 potions of curing {unknown}
 u - 2 potions of flight {unknown}
 z - a potion of invisibility {unknown}
 O - a potion of might {unknown}
 P - 2 potions of berserk rage {unknown}
 T - 2 potions of resistance {unknown}
 V - a potion of magic {unknown}
 W - 2 potions of mutation {unknown}
Comestibles
 d - 40 rations


   Skills:
 - Level 10.0 Fighting
 - Level 10.0 Armour
 - Level 1.5 Dodging
 - Level 2.1 Stealth
 - Level 10.3 Spellcasting
 + Level 14.2 Conjurations
   Level 0.7 Transmutations
 - Level 3.0 Fire Magic
 - Level 3.0 Ice Magic
 + Level 16.6 Earth Magic


You had 11 spell levels left.
You knew the following spells:

 Your Spells              Type           Power        Failure   Level  Hunger
a - Sandblast             Erth           ######       0%          1    None
b - Stone Arrow           Conj/Erth      ######       1%          3    None
c - Iron Shot             Conj/Erth      ######....   1%          6    ######.
d - Fireball              Conj/Fire      ######....   1%          5    ####...
e - Ozocubu's Armour      Chrm/Ice       ###.....     4%          3    None
f - Lee's Rapid Deconstr  Erth           #######...   1%          5    ####...


Dungeon Overview and Level Annotations

Branches:
Dungeon (14/15)            Temple (1/1) D:4            Lair (6/6) D:11
  Swamp (0/4) Lair:2       Spider (0/4) Lair:2        Slime (0/5) Lair:5
    Orc (0/2) D:9
 Vaults: D:13-14

Altars:
Ashenzari
Cheibriados
Dithmenos
Elyvilon
Fedhas
Gozag
Hepliaklqana
Kikubaaqudgha
Makhleb
Nemelex Xobeh
Okawaru
Qazlal
Ru
Sif Muna
Trog
Uskayaw
Vehumet
Wu Jian
Xom
Yredelemnul
Zin
The Shining One
Lugonu

Shops:
D:10 :

Annotations:
D:14 Louise


Innate Abilities, Weirdness & Mutations

You are resistant to torment.
Your stone body is resilient. (AC +11)
You are immune to poison.
Your large and strong wings let you fly indefinitely.
You resist negative energy. (rN+)
You are resistant to electric shocks. (rElec)
You can survive without breathing.
You are immune to petrification.
You are immune to rotting.
[You tend to lose your temper in combat.]
[You are clumsy. (Dex -2)]


Message History

A thrashing horror and a large abomination come into view.
You hear a chilling moan.
The thrashing horror roars!
The spatial maelstrom hits you but does no damage. x2
A spatial vortex comes into view.
As you read the scroll of teleportation, it crumbles to dust.
You feel strangely unstable.
You feel the power of the Abyss delaying your translocation!
The spatial maelstrom barely misses you.
The spatial maelstrom hits you! Space warps horribly around you!
* * * LOW HITPOINT WARNING * * *
The spatial maelstrom closely misses you.
The spatial maelstrom hits you!
* * * LOW HITPOINT WARNING * * *
Space bends around you.
* * * LOW HITPOINT WARNING * * *
A spatial vortex comes into view.
Casting: Iron Shot (safe; 1% risk of failure)
Confirm with . or Enter, or press ? or * to list all spells.
A film of ice covers your body! The spatial vortex hits you!
You die...

··· ···▒ ▒▒·▒
···▒·▒·▒▒·▒··
···▒▒§·▒▒·▒·
▒·▒ ▒§·▒· ·▒
··v▒▒▒··· ·▒
····▒····▒▒··▒
·····▒·▒·▒▒ ··
····▒▒▒v·v·▒ v
▒▒▒·@·▒▒▒ ▒·▒
▒v▒▒▒ ·· ▒§{·▒
···▒··X ··X·
▒▒▒·· ··▒ ▒··
· ·▒· ▒·▒▒ ▒▒


You could see a spatial maelstrom and 2 spatial vortices.

Vanquished Creatures
  A tentacled starspawn (Abyss:2)
  Snorg (Lair:5)
  6 hydras
  A merfolk avatar (Lair:6)
  A centaur warrior (D:12)
  7 two-headed ogres
  A tengu warrior (D:12)
  The ghost of Ratty the Thaumaturge, a journeyman DEFE of Ru (D:12)
  A thrashing horror (Abyss:2)
  2 unseen horrors
  A sea snake (Lair:6)
  2 deep elf magi
  2 cyclopes (D:12)
  6 ugly things
  An oklob plant (Lair:1)
  6 elephants
  A manticore (Lair:6)
  4 black mambas
  An orange demon (Abyss:2)
  A smoke demon (Abyss:2)
  A centaur skeleton (D:13)
  An efreet (D:12)
  4 rime drakes
  9 spiny frogs
  12 komodo dragons
  3 kobold demonologists (D:13)
  A demonic crawler (Abyss:2)
  4 trolls
  An ancient zyme (Abyss:2)
  4 large abominations (Abyss:2)
  A tyrant leech (Lair:2)
  A queen bee (shapeshifter) (D:13)
  A jumping spider (Lair:2)
  A wind drake (Lair:6)
  4 hornets
  A raiju (Abyss:2)
  12 slime creatures
  5 polar bears
  Prince Ribbit (D:8)
  3 blink frogs (Lair:3)
  9 hippogriffs
  A ynoxinul (Abyss:2)
  2 basilisks
  6 wyverns
  The ghost of 4thArraOfDagon the Sneak, an amateur FeTm of Cheibriados (D:6)
  44 yaks
  2 steam dragons
  A hungry ghost (D:7)
  2 neqoxecs (Abyss:2)
  2 soldier ants
  2 wargs (D:11)
  A swamp worm (Lair:2)
  An acid dragon (D:12)
  13 water moccasins
  7 orc warriors
  10 porcupines
  4 ice beasts
  A hornet zombie (D:12)
  A phantom (D:12)
  7 sky beasts
  A black bear (D:9)
  A necrophage (D:7)
  An eye of draining (D:12)
  6 ogres
  14 wolves
  10 centaurs
  6 crocodiles
  4 big kobolds
  14 bullfrogs
  2 small abominations (Abyss:2)
  A wyvern zombie (D:14)
  A water moccasin zombie (D:8)
  A wyvern skeleton (D:9)
  10 killer bees
  4 scorpions
  6 howler monkeys
  5 crimson imps
  A bullfrog zombie (D:11)
  A quasit (D:12)
  2 centaur zombies
  4 jellies
  2 bullfrog skeletons
  10 hounds
  4 orc priests
  An iguana (D:12)
  Crazy Yiuf (D:6)
  16 orc wizards
  5 hell rats (Lair:6)
  12 worker ants
  A killer bee zombie (D:7)
  A hound skeleton (D:8)
  A worker ant zombie (D:8)
  7 adders
  3 shadow imps
  4 oozes
  An adder zombie (D:8)
  6 worms
  A dart slug (D:2)
  7 leopard geckos
  39 orcs
  4 giant cockroaches
  3 hobgoblins
  11 jackals
  7 quokkas
  2 ball pythons
  6 bats
  7 frilled lizards
  4 goblins
  A jackal skeleton (D:7)
  14 kobolds
  A leopard gecko skeleton (D:8)
  14 rats
  A plant (Lair:6)
  A starspawn tentacle (Abyss:2)
527 creatures vanquished.

Vanquished Creatures (others)
  A white imp (Abyss:2)
  31 fungi
  25 plants
  6 starspawn tentacles (Abyss:2)
63 creatures vanquished.

Grand Total: 590 creatures vanquished

Notes
Turn   | Place    | Note
-------+----------+-------------------------------------------
     0 | D:1      | Azzok the Gargoyle Earth Elementalist began the quest for the Orb.
     0 | D:1      | Reached XP level 1. HP: 10/10 MP: 3/3
   371 | D:1      | Reached XP level 2. HP: 9/15 MP: 1/5
   523 | D:1      | Reached skill level 4 in Earth Magic
  1380 | D:2      | Reached XP level 3. HP: 18/19 MP: 5/7
  1973 | D:2      | Reached XP level 4. HP: 24/24 MP: 8/8
  2447 | D:2      | Found a glowing silver altar of Zin.
  2447 | D:2      | Noticed an angel
  2530 | D:3      | Learned a level 3 spell: Stone Arrow
  2542 | D:3      | Reached skill level 5 in Earth Magic
  2937 | D:3      | Reached XP level 5. HP: 28/28 MP: 0/10
  3948 | D:4      | Reached skill level 6 in Earth Magic
  3948 | D:4      | Reached XP level 6. HP: 28/32 MP: 2/12
  4184 | D:4      | Found a staircase to the Ecumenical Temple.
  4192 | Temple   | Entered the Ecumenical Temple
  4223 | Temple   | Became a worshipper of Vehumet
  4577 | D:4      | Found a sparkling altar of Nemelex Xobeh.
  4613 | D:4      | Learned a level 5 spell: Lee's Rapid Deconstruction
  4925 | D:5      | Entered Level 5 of the Dungeon
  5204 | D:5      | Found a hazy altar of Hepliaklqana.
  5244 | D:5      | Found a hazy altar of Hepliaklqana.
  5465 | D:5      | Noticed an ice beast
  5475 | D:5      | Reached skill level 7 in Earth Magic
  5475 | D:5      | Reached XP level 7. HP: 35/36 MP: 4/14
  5542 | D:5      | Reached skill level 5 in Spellcasting
  5626 | D:5      | Found a basalt altar of Yredelemnul.
  5958 | D:6      | Noticed 4thArraOfDagon's ghost (amateur FeTm)
  5964 | D:6      | Killed 4thArraOfDagon's ghost
  5964 | D:6      | Reached skill level 1 in Fighting
  5964 | D:6      | Reached skill level 1 in Conjurations
  6049 | D:6      | Found a shimmering altar of Xom.
  6198 | D:6      | Found the +2 cloak of the Thief {+Fog Slay-2 SInv Stlth+}
  6248 | D:6      | Reached skill level 8 in Earth Magic
  6248 | D:6      | Reached XP level 8. HP: 43/45 MP: 0/15
  6668 | D:6      | Found an ancient bone altar of Kikubaaqudgha.
  6689 | D:6      | Found a white marble altar of Elyvilon.
  6731 | D:6      | Found a runed door.
  6735 | D:6      | Noticed Crazy Yiuf
  6738 | D:6      | Killed Crazy Yiuf
  6803 | D:6      | Found an iron altar of Okawaru.
  6963 | D:6      | Found an opulent altar of Gozag.
  7385 | D:7      | Reached * piety under Vehumet
  7385 | D:7      | Offered knowledge of Freeze by Vehumet.
  7637 | D:7      | Reached skill level 9 in Earth Magic
  7925 | D:7      | Reached skill level 5 in Fighting
  7925 | D:7      | Reached skill level 5 in Conjurations
  7925 | D:7      | Reached XP level 9. HP: 54/54 MP: 11/16
  8110 | D:7      | Reached ** piety under Vehumet
  8110 | D:7      | Offered knowledge of Searing Ray by Vehumet.
  8274 | D:7      | Found a glowing golden altar of the Shining One.
  8319 | D:7      | Got a glittering lapis lazuli ring
  8320 | D:7      | Identified the ring "Hukk" {rC++ MR+ Str+4 Slay+3} (You found it on level 7 of the Dungeon)
  8398 | D:7      | Found a radiant altar of Vehumet.
  8526 | D:7      | Reached skill level 10 in Earth Magic
  8647 | D:8      | Found an ornate altar of the Wu Jian Council.
  8926 | D:8      | Noticed Prince Ribbit
  8931 | D:8      | Killed Prince Ribbit
  9113 | D:8      | Found a blossoming altar of Fedhas.
  9234 | D:8      | Found a sacrificial altar of Ru.
  9307 | D:8      | Found a hide-covered altar of Uskayaw.
  9310 | D:8      | Noticed a dagger
  9311 | D:8      | Noticed a hand axe
  9398 | D:8      | Reached XP level 10. HP: 63/63 MP: 10/17
  9739 | D:8      | Offered knowledge of Ignite Poison by Vehumet.
 10007 | D:9      | Noticed a two-headed ogre
 10012 | D:9      | Reached skill level 11 in Earth Magic
 10016 | D:9      | Killed a two-headed ogre
 10018 | D:9      | Noticed a two-headed ogre
 10025 | D:9      | Killed a two-headed ogre
 10346 | D:9      | Reached *** piety under Vehumet
 10704 | D:9      | Found a staircase to the Orcish Mines.
 10948 | D:9      | Found a shadowy altar of Dithmenos.
 11164 | D:10     | Entered Level 10 of the Dungeon
 11164 | D:10     | Found Qiucobb's Book Boutique.
 11393 | D:10     | Reached skill level 12 in Earth Magic
 11875 | D:10     | Reached XP level 11. HP: 69/71 MP: 18/18
 12062 | D:11     | Reached skill level 1 in Armour
 12178 | D:11     | Noticed a red ugly thing
 12183 | D:11     | Noticed a red ugly thing
 12224 | D:11     | Killed a cyan ugly thing
 12228 | D:11     | Killed a cyan ugly thing
 12430 | D:11     | Found a staircase to the Lair.
 12445 | D:11     | Offered knowledge of Mephitic Cloud by Vehumet.
 12819 | D:11     | Noticed an unseen horror
 12819 | D:11     | Killed an unseen horror
 13052 | D:12     | Noticed a purple ugly thing
 13060 | D:12     | Killed a purple ugly thing
 13076 | D:12     | Noticed Ratty's ghost (journeyman DEFE)
 13122 | D:12     | Killed Ratty's ghost
 13311 | D:12     | Noticed a cyclops
 13317 | D:12     | Killed a cyclops
 13317 | D:12     | Reached skill level 10 in Fighting
 13317 | D:12     | Reached skill level 10 in Conjurations
 13459 | D:12     | HP: 1/72 [very large slime creature (42)]
 13535 | Lair:1   | Entered Level 1 of the Lair of Beasts
 13692 | Lair:1   | Found a shattered altar of Ashenzari.
 13737 | Lair:1   | Reached skill level 13 in Earth Magic
 13764 | Lair:1   | Reached XP level 12. HP: 75/77 MP: 21/21
 13918 | Lair:1   | Reached skill level 5 in Armour
 14016 | Lair:1   | Got a pitted ring mail
 14020 | Lair:1   | Reached **** piety under Vehumet
 14021 | Lair:1   | Identified the +1 ring mail "Fisis" {Dex+3} (You found it on level 1 of the Lair of Beasts)
 14694 | Lair:2   | Found a white marble altar of Elyvilon.
 14962 | Lair:2   | Offered knowledge of Throw Icicle by Vehumet.
 15151 | Lair:2   | Found a hole to the Spider Nest.
 15372 | Lair:2   | Found a staircase to the Swamp.
 16011 | D:10     | Noticed a two-headed ogre
 16017 | D:10     | Killed a two-headed ogre
 16065 | D:10     | Bought a book of Flames for 490 gold pieces
 16071 | D:10     | Learned a level 5 spell: Fireball
 16242 | Lair:3   | Learned a level 3 spell: Ozocubu's Armour
 16329 | Lair:3   | Noticed a six-headed hydra
 16334 | Lair:3   | Killed a six-headed hydra
 16387 | Lair:3   | Reached skill level 14 in Earth Magic
 16398 | Lair:3   | Noticed a six-headed hydra
 16401 | Lair:3   | Killed a six-headed hydra
 16559 | Lair:3   | Reached XP level 13. HP: 82/82 MP: 25/25
 16690 | Lair:3   | Reached ***** piety under Vehumet
 16901 | Lair:3   | Offered knowledge of Iskenderun's Battlesphere by Vehumet.
 18811 | Lair:5   | Noticed Snorg
 18827 | Lair:5   | Killed Snorg
 19155 | Lair:5   | Found a staircase to the Slime Pits.
 19836 | Lair:6   | Entered Level 6 of the Lair of Beasts
 20174 | Lair:6   | Reached skill level 15 in Earth Magic
 20685 | Lair:6   | Offered knowledge of Venom Bolt by Vehumet.
 20685 | Lair:6   | Gained mutation: Your large and strong wings let you fly indefinitely. [Gargoyle growth]
 20685 | Lair:6   | Reached XP level 14. HP: 88/88 MP: 5/27
 20747 | Lair:6   | Noticed a dire elephant
 21113 | Lair:6   | HP: 4/88 [dire elephant (7)]
 21510 | Lair:6   | Got a pair of warped boots
 21535 | Lair:6   | Identified the +2 pair of boots "Heshraqupn" {rPois Int+2} (You found it on level 6 of the Lair of Beasts)
 22340 | D:12     | Reached skill level 10 in Armour
 22354 | D:12     | Reached skill level 10 in Spellcasting
 22578 | D:12     | Reached skill level 1 in Fire Magic
 22607 | D:12     | Reached skill level 1 in Ice Magic
 24314 | D:13     | Offered knowledge of Iron Shot by Vehumet.
 24326 | D:13     | Learned a level 6 spell: Iron Shot
 24811 | D:13     | Reached skill level 16 in Earth Magic
 25560 | D:14     | Noticed Louise
 25566 | D:14     | Cast into level 2 of the Abyss (Louise)
 25711 | Abyss:2  | Noticed a tentacled starspawn
 25735 | Abyss:2  | Noticed a tentacled starspawn
 25745 | Abyss:2  | Killed a tentacled starspawn
 25745 | Abyss:2  | Reached XP level 15. HP: 92/92 MP: 11/29
 25930 | Abyss:2  | Noticed a cacodemon
 26087 | Abyss:2  | Noticed a lich
 26095 | Abyss:2  | Noticed an Ice Fiend
 26096 | Abyss:2  | Noticed a Hell Sentinel
 26099 | Abyss:2  | HP: 4/92 [Hell Sentinel/damnation[a lich] (30)]
 26170 | Abyss:2  | Found a corrupted altar of Lugonu.
 26190 | Abyss:2  | Noticed a bone dragon
 26191 | Abyss:2  | Noticed an Executioner
 26271 | Abyss:2  | HP: 3/92 [spatial maelstrom (5)]
 26272 | Abyss:2  | Mangled by a spatial vortex

Vault maps used:
D:1:      dpeg_arrival_line_fractal
D:2:      zin_angel, minmay_heptomino_h4
D:4:      kennysheep_mini, minmay_temple_entry_butterflies, st_stairs_11
D:5:      lemuel_crystal_altar, nicolae_overflow_crystal_walls, basic_altar,
          first_ration, st_stairs_9, serial_bayou_pond_b
D:6:      kiku_gazebo_pond_becter, xom_teletrap_fun, okawaru_metal_pillars_3,
          elyvilon_altar_4, grunt_gozag_breadcrumbs,
          minmay_misc_feat_secret_circle, minmay_misc_feat_chi,
          uniq_crazy_yiuf_cottage
D:7:      kennysheep_little_box, basic_altar
D:8:      dancing_weapons_uskayaw, overflow_temple_1_default,
          kennysheep_mini_moat, basic_altar, uniq_prince_ribbit1
D:9:      lemuel_coloured_pillars_altar, orc_0_dummy
D:10:     serial_shops, shop
D:11:     erik_lair_orcish_takeover, uniq_fannar
D:12:     minmay_big_diamond_grid
D:14:     hangedman_vaults_entry_quadrant_bands, minmay_misc_feat_diagonals,
          uniq_louise
Temple:   corrupted_temple
Lair:1:   basic_altar, beast_lair_carwin_11, grunt_megastairs_5,
          serial_bayou_shore_a, infiniplex_staircase_pool_2,
          minmay_lair_oklob_chamber
Lair:2:   minmay_swamp_entry_worms, spider_nest_entry_rubble, basic_altar
Lair:3:   minivault_23
Lair:5:   nicolae_slime_entry_slimehenge, uniq_snorg
Lair:6:   gammafunk_lair_ancient_temple, hibernation_bobbens, lemuel_fruit_tree

Skill      XL: |  1  2  3  4  5  6  7  8  9 10 11 12 13 14 |
---------------+-------------------------------------------+-----
Earth Magic    | 4 5 6 7 8 9 10 12 13 14 15 16 | 16.6
Spellcasting   | 3 4 5 6 8 9 10 | 10.3
Fighting       | 2 5 7 9 10 | 10.0
Conjurations   | 2 5 7 9 10 11 12 14 | 14.2
Armour         | 4 7 9 10 | 10.0
Fire Magic     | 3 |  3.0
Ice Magic      | 3 |  3.0
Dodging        | |  1.5
Stealth        | |  2.1
Transmutations | |  0.7

Action                   |  1- 3 |  4- 6 |  7- 9 | 10-12 | 13-15 || total
-------------------------+-------+-------+-------+-------+-------++-------
Melee: Dagger            |    53 |       |       |       |       ||    53
       Short sword       |    59 |       |       |       |       ||    59
       Staff             |       |    61 |       |     2 |    46 ||   109
       Quarterstaff      |       |     6 |   101 |    13 |       ||   120
 Cast: Sandblast         |    20 |    14 |    38 |    52 |    93 ||   217
       Stone Arrow       |       |    56 |    85 |   256 |   473 ||   870
       Lee's Rapid Decon |       |       |     3 |    28 |    31 ||    62
       Ozocubu's Armour  |       |       |       |     1 |     5 ||     6
       Fireball          |       |       |       |       |    22 ||    22
       Iron Shot         |       |       |       |       |    32 ||    32
  Use: Scroll            |       |       |     2 |     2 |    18 ||    22
 Stab: Sleeping          |     5 |     1 |       |     2 |       ||     8
  Eat: Chunk             |     4 |    15 |    20 |    25 |    34 ||    98
       Ration            |       |       |       |     3 |     4 ||     7
Armor: Robe              |    37 |    40 |    72 |    75 |    19 ||   243
       Troll leather arm |       |       |       |       |   255 ||   255
Dodge: Dodged            |    75 |    70 |    91 |    74 |   189 ||   499

Table legend:
 A = Spawn XP
 B = Non-spawn XP
 C = Spawn XP percentage of total XP
 D = Spawn monster count
 E = Non-spawn monster count
 F = Spawn count percentage of total count
 G = Total turns spent on level
                    A         B        C        D         E        F      G
               +---------+---------+-------+---------+---------+-------+---------
         Total |    4269 |   85344 |   4.8 |       7 |     518 |   1.3 | 26272
               +---------+---------+-------+---------+---------+-------+---------
           D:1 |       0 |      23 |   0.0 |       0 |      18 |   0.0 |  1014
           D:2 |       0 |      74 |   0.0 |       0 |      28 |   0.0 |  1507
           D:3 |       0 |      93 |   0.0 |       0 |      14 |   0.0 |  1063
           D:4 |       0 |     263 |   0.0 |       0 |      16 |   0.0 |  1134
           D:5 |       0 |     299 |   0.0 |       0 |       9 |   0.0 |  1033
           D:6 |       0 |     794 |   0.0 |       0 |      11 |   0.0 |  1535
           D:7 |       0 |    1952 |   0.0 |       0 |      43 |   0.0 |  1106
           D:8 |       0 |    1625 |   0.0 |       0 |      29 |   0.0 |  1351
           D:9 |       0 |    3238 |   0.0 |       0 |      19 |   0.0 |  1214
          D:10 |       0 |    2463 |   0.0 |       0 |      14 |   0.0 |   973
          D:11 |       0 |    4003 |   0.0 |       0 |      22 |   0.0 |  1245
          D:12 |       0 |   18373 |   0.0 |       0 |      68 |   0.0 |  2518
          D:13 |       0 |    7112 |   0.0 |       0 |      54 |   0.0 |  1268
          D:14 |       0 |      82 |   0.0 |       0 |       1 |   0.0 |   149
        Temple |       0 |      47 |   0.0 |       0 |       3 |   0.0 |   207
        Lair:1 |       0 |    5028 |   0.0 |       0 |      21 |   0.0 |  1310
        Lair:2 |       0 |    5160 |   0.0 |       0 |      27 |   0.0 |  1187
        Lair:3 |       0 |    9944 |   0.0 |       0 |      29 |   0.0 |  1766
        Lair:4 |       0 |    3537 |   0.0 |       0 |      17 |   0.0 |   957
        Lair:5 |       0 |    5982 |   0.0 |       0 |      27 |   0.0 |  1627
        Lair:6 |       0 |   12479 |   0.0 |       0 |      39 |   0.0 |  1402
       Abyss:2 |    4269 |    2773 |  60.6 |       7 |       9 |  43.8 |   706
               +---------+---------+-------+---------+---------+-------+---------
